 Dungeon Crawl Stone Soup version 0.28-a0-1033-g1a2f33fa85 (webtiles) character file.

Game seed: 7388057375362661298

1644 mcbry74 the Chopper (level 8, -8/66 HPs)
             Began as a Hill Orc Fighter on Dec 7, 2021.
             Mangled by a two-headed ogre (20 damage)
             ... on level 9 of the Dungeon.
             The game lasted 00:16:43 (6240 turns).

mcbry74 the Chopper (Hill Orc Fighter)              Turns: 6240, Time: 00:16:44

Health: -8/66      AC: 10    Str: 21    XL:     8   Next: 99%
Magic:  8/8        EV:  7    Int:  8    God:
Gold:   331        SH:  4    Dex: 10    Spells: 7/7 levels left

rFire   . . .      SeeInvis .   a - +0 war axe
rCold   . . .      Faith    .   c - +0 buckler
rNeg    . . .      Spirit   .   D - +0 chain mail
rPois   .          Reflect  .   k - +0 helmet
rElec   .          Harm     .   r - scarf {+Inv}
rCorr   .          Rampage  .   (no gloves)
Will    .....                   (no boots)
Stlth   ..........              (no amulet)
HPRegen 0.21/turn               (no ring)
MPRegen 0.11/turn               (no ring)

@: mighty
A: no striking features
a: Evoke Invisibility


You were on level 9 of the Dungeon.
You visited 1 branch of the dungeon, and saw 7 of its levels.
You also visited: Sewer.

You collected 331 gold pieces.

Inventory:

Hand Weapons
 a - a +0 war axe (weapon)
Missiles
 j - 12 poisoned darts (quivered)
 n - 158 stones
 o - 6 atropa-tipped darts
 F - 2 javelins
Armour
 b - a +0 scale mail
 c - a +0 buckler (worn)
 k - a +0 helmet (worn)
 r - a scarf of invisibility (worn)
 D - a +0 chain mail (worn)
Magical Staves
 g - a staff of cold
Jewellery
 B - a ring of wizardry
Scrolls
 i - a scroll of blinking
 p - 3 scrolls of vulnerability
 t - a scroll of fear
 u - 3 scrolls of summoning
 v - 2 scrolls of teleportation
 w - a scroll of enchant weapon {unknown}
 y - a scroll of enchant armour {unknown}
 A - a scroll of amnesia {unknown}
 E - a scroll of brand weapon {unknown}
Potions
 d - 3 potions of might
 e - 4 potions of haste {unknown}
 f - 3 potions of degeneration {unknown}
 h - 3 potions of mutation
 l - 3 potions of flight
 m - 2 potions of curing {unknown}
 q - a potion of berserk rage {unknown}
 s - 3 potions of heal wounds
 x - 3 potions of cancellation {unknown}
 z - a potion of magic {unknown}
 C - 2 potions of attraction {unknown}


   Skills:
 - Level 4.0 Fighting
 + Level 7.8(9.9) Axes
 + Level 5.4(6.9) Maces & Flails
 + Level 5.4(6.9) Polearms
 - Level 4.0 Armour
 - Level 4.0 Shields
 + Level 4.8 Evocations


You had 7 spell levels left.
You didn't know any spells.
Your spell library contained the following spells:

 Spells                   Type           Power      Damage    Failure   Level
 Beastly Appendage        Tmut           0%         N/A       98%         1
 Sting                    Tmut/Pois      0%         1d3       98%         1
 Poisonous Vapours        Pois/Air       0%         N/A       99%         2
 Wereblood                Tmut           0%         N/A       99%         2
 Spider Form              Tmut/Pois      0%         N/A       100%        3
 Olgreb's Toxic Radiance  Pois           0%         N/A       100%        4


Dungeon Overview and Level Annotations

Branches:
Dungeon (6/15)              Sewer (visited)
 Temple: D:4-7

Altars:


Message History

You completely miss the yak.
The yak is severely wounded.
The two-headed ogre shouts in stereo!
You slash the yak! The yak gores you.
You slice the yak!!
You kill the yak!
You barely miss the yak. You hit the yak.
The yak is severely wounded.
You slash the yak! The yak gores you. x2
You slash the yak!
You kill the yak!
You slash the yak! The yak barely misses you.
You closely miss the yak.
The yak is heavily wounded.
The yak gores you.
You closely miss the yak.
The yak is heavily wounded.
The yak gores you but does no damage.
You barely miss the yak.
The yak is heavily wounded.
The yak gores you but does no damage.
You closely miss the two-headed ogre. You hit the yak.
The two-headed ogre hits you with a +0 dire flail!
The two-headed ogre hits you but does no damage.
The yak barely misses you.
You slash the two-headed ogre!
The two-headed ogre is moderately wounded.
You slash the yak! You block the yak's attack.
The two-headed ogre hits you with a +0 dire flail.
The two-headed ogre hits you with a +0 giant club!
* * * LOW HITPOINT WARNING * * *
You slash the two-headed ogre!
The two-headed ogre is heavily wounded.
You closely miss the yak. The yak gores you.
* * * LOW HITPOINT WARNING * * *
The two-headed ogre hits you with a +0 dire flail.
* * * LOW HITPOINT WARNING * * *
The two-headed ogre hits you with a +0 giant club!!
You die...

.........#
.........#
.........#
.........#
.........##
#..####...#
#.......!.#
..≈≈≈≈≈≈OY#
.≈≈####≈@#
.≈ #≈.# .
#≈.# #≈.#
#≈.# #≈.#
#≈.# ≈≈.#


You could see a two-headed ogre and a yak.

Vanquished Creatures
  2 yaks (D:9)
  2 water moccasins (D:5)
  A necrophage (D:3)
  An ogre (D:5)
  4 bullfrogs
  2 scorpions (D:5)
  A water moccasin skeleton (D:5)
  A bullfrog zombie (D:5)
  A centaur zombie (D:5)
  A hound (D:5)
  A centaur skeleton (D:4)
  A bullfrog skeleton (D:5)
  An iguana (D:5)
  An orc wizard (D:6)
  Robin (D:2)
  A howler monkey zombie (D:5)
  12 adders
  8 river rats
  An ufetubus (D:5)
  An adder skeleton (D:4)
  5 worms
  2 dart slugs
  6 orcs
  15 ball pythons
  6 endoplasms
  2 giant cockroaches
  16 goblins
  9 hobgoblins
  8 jackals
  3 quokkas
  4 bats
  9 frilled lizards
  9 kobolds
  30 rats
168 creatures vanquished.

Vanquished Creatures (others)
  A kobold (D:1)
  4 fungi (D:6)
5 creatures vanquished.

Grand Total: 173 creatures vanquished

Notes
Turn   | Place    | Note
-------+----------+-------------------------------------------
     0 | D:1      | mcbry74 the Hill Orc Fighter began the quest for the Orb.
     0 | D:1      | Reached XP level 1. HP: 19/19 MP: 1/1
   154 | D:1      | Reached skill level 3 in Axes
   154 | D:1      | Reached XP level 2. HP: 27/27 MP: 2/2
   705 | D:2      | Reached XP level 3. HP: 33/33 MP: 3/3
   779 | D:2      | Noticed Robin
   996 | D:2      | Killed Robin
  1003 | D:2      | Reached XP level 4. HP: 31/40 MP: 4/4
  1568 | D:2      | Reached skill level 4 in Axes
  2183 | D:3      | Noticed a necrophage
  2198 | D:3      | Killed a necrophage
  2199 | D:3      | Reached skill level 1 in Maces & Flails
  2199 | D:3      | Reached skill level 1 in Polearms
  2199 | D:3      | Reached skill level 1 in Evocations
  2199 | D:3      | Reached XP level 5. HP: 44/46 MP: 5/5
  2375 | D:3      | Found a glowing drain.
  2379 | Sewer    | Entered a sewer
  2455 | Sewer    | Reached XP level 6. HP: 52/52 MP: 6/6
  2571 | Sewer    | Reached skill level 5 in Axes
  3091 | Sewer    | Reached XP level 7. HP: 20/59 MP: 7/7
  3685 | D:3      | Found a faded altar of an unknown god.
  3902 | D:4      | Identified the +3 buckler of Sloth {rC+ MP+9 Stlth-}
  4386 | D:5      | Entered Level 5 of the Dungeon
  4533 | D:5      | Reached skill level 6 in Axes
  4946 | D:5      | Reached XP level 8. HP: 65/66 MP: 8/8
  5728 | D:5      | Reached skill level 7 in Axes
  6150 | D:6      | Reached skill level 5 in Maces & Flails
  6150 | D:6      | Reached skill level 5 in Polearms
  6218 | D:6      | You fall into a shaft and drop 3 floors!
  6218 | D:9      | Noticed a yak
  6219 | D:9      | Noticed a yak
  6221 | D:9      | Noticed a yak
  6230 | D:9      | Noticed a two-headed ogre
  6232 | D:9      | Killed a yak
  6234 | D:9      | Killed a yak
  6240 | D:9      | Mangled by a two-headed ogre

Illustrated notes

Levels and vault maps discovered:
D:1:      ncdulo_lavacross, layout_rooms, serial_corexii_hall,
          corexii_hall_statues_l, corexii_hall_statues_l, minivault_26
D:2:      layout_basic, minmay_puff, uniq_robin
D:3:      layout_rooms, shapermc_ecumenical_altar_acropolis,
          gup_sewer_entry_bowl, kennysheep_generic_room_16
D:4:      wander_river, layout_basic
D:5:      layout_basic, chequers_serial_rivers_room_b
D:6:      minmay_octagon_keep, layout_loops_corners, serial_shops,
          nicolae_shop_stone, serial_aquarium, aquarium_bridge_square
          [aquarium_subvault_bridge, aquarium_subvault_bridge,
          aquarium_subvault_bridge, aquarium_subvault_window],
          aquarium_window_fake, aquarium_window_fake, aquarium_view_2e,
          aquarium_balcony_1b, aquarium_pool_side, uniq_menkaure
D:9:      layout_roguey, lair_entry_dummy, enter_bailey_4,
          gammafunk_ghost_nasty_kobolds

Skill      XL: |  1  2  3  4  5  6  7  8 |
---------------+-------------------------+-----
Axes           | 3 4 5 6 7 |  7.8
Fighting       | 4 |  4.0
Armour         | 4 |  4.0
Shields        | 4 |  4.0
Maces & Flails | 1 2 4 5 |  5.4
Polearms       | 1 2 4 5 |  5.4
Evocations     | 1 2 3 4 |  4.8

Action                   |  1- 3 |  4- 6 |  7- 9 || total
-------------------------+-------+-------+-------++-------
Melee: War axe           |    86 |   231 |   178 ||   495
Throw: Dart              |       |       |    12 ||    12
  Use: Scroll            |       |     3 |     6 ||     9
       Potion            |       |       |     2 ||     2
Armor: Scale mail        |    62 |   114 |    51 ||   227
       Chain mail        |       |       |    19 ||    19
Dodge: Dodged            |    42 |   126 |    61 ||   229
Block: Buckler           |    21 |    46 |    32 ||    99

Table legend: (Time is in decaauts)
 A = Elapsed time spent in this place.
 B = Non-inter-level travel time spent in this place.
 C = Inter-level travel time spent in this place.
 D = Time resting spent in this place.
 E = Time spent auto-exploring this place.
 F = Levels seen in this place.
 G = Mean time per level.
                   A        B        C        D        E       F      G
               +--------+--------+--------+--------+--------+-----+--------+
         Total |   6448 |   6377 |     71 |   1371 |   3436 |   8 |  806.0 |
       Dungeon |   5367 |   5296 |     71 |    868 |   3236 |   7 |  766.7 |
         Sewer |   1081 |   1081 |      0 |    503 |    200 |   1 | 1081.0 |
               +--------+--------+--------+--------+--------+-----+--------+

Top non-repeatable levels by time:
     D:5: 1616 daAuts
     D:2: 1184 daAuts
   Sewer: 1081 daAuts
     D:1: 866 daAuts
     D:3: 755 daAuts
     D:4: 695 daAuts
     D:6: 227 daAuts
     D:9: 22 daAuts
